 Dungeon Crawl Stone Soup version 0.30-a0-365-ge7f957f1db (webtiles) character file.

Game seed: 1319418035747152620

36580 vineage the Warrior (level 13, 0/123 HPs)
             Began as a Gargoyle Fighter on Nov 16, 2022.
             Was a High Priest of Okawaru.
             Slain by an eight-headed hydra (10 damage)
             ... on level 5 of the Lair of Beasts.
             The game lasted 00:15:54 (14289 turns).

vineage the Warrior (Gargoyle Fighter)             Turns: 14289, Time: 00:15:55

Health: 0/123      AC: 30    Str: 34    XL:     13   Next: 91%
Magic:  17/19      EV:  2    Int:  9    God:    Okawaru [*****.]
Gold:   713        SH: 12    Dex:  8    Spells: 12/12 levels left

rFire   . . .      SeeInvis .    M - +5 eveningstar (holy)
rCold   . . .      Faith    .    R - +0 kite shield
rNeg    + . .      Spirit   .    (body armour currently unavailable)
rPois   ∞          Reflect  .    (helmet currently unavailable)
rElec   .          Harm     .    (cloak currently unavailable)
rCorr   .          Rampage  .    (gloves currently unavailable)
Will    +....      NoTele   +    (boots currently unavailable)
Stlth   ++........               (no amulet)
HPRegen 0.40/turn                j - +4 ring of protection
MPRegen 0.16/turn                E - +6 ring of strength

@: tree-form, heroic
A: stationary, stasis, torment immunity, boosted hp, sickness immunity, AC +9,
negative energy resistance 1, (electricity resistance), torment resistance 1,
petrification resistance, (fangs 1), frail 1, strong-willed 1, strong 1
a: Renounce Religion, Heroism, Finesse, Duel


You were on level 5 of the Lair of Beasts.
You worshipped Okawaru.
Okawaru was extremely pleased with you.
You were a tree.
You visited 2 branches of the dungeon, and saw 16 of its levels.

You collected 1109 gold pieces.
You spent 396 gold pieces at shops.

Inventory:

Hand Weapons
 a - a +1 spectral flail
 H - the +8 mace "Zosyu" {drain, Will+ Dex+3}
   (Okawaru gifted it to you on level 11 of the Dungeon)

   A truly terrible weapon, it drains the life of any living foe it strikes.
   Dex:       It affects your dexterity (+3).
   Will:      It increases your willpower.
 M - a +5 eveningstar of holy wrath (weapon)
Armour
 i - a +1 pair of gloves (melded)
 k - a +0 chain mail (melded)
 l - the +1 pair of boots of Vicivopp (melded) {Dex+3}
   (You acquired it on level 5 of the Dungeon)

   Dex:       It affects your dexterity (+3).
 F - a +1 helmet (melded)
 R - a +0 kite shield (worn)
Jewellery
 j - a +4 ring of protection (left branch)
 y - a ring of fire
 E - a +6 ring of strength (right branch)
 G - a ring of protection from fire
 I - a ring of see invisible
 Q - a +6 ring of intelligence
Wands
 b - a wand of flame (29)
 g - a wand of digging (5)
 o - a wand of paralysis (11)
 q - a wand of iceblast (18)
 O - a wand of polymorph (5)
Scrolls
 d - 3 scrolls of magic mapping
 e - 5 scrolls of identify
 f - 2 scrolls of blinking
 n - 2 scrolls of brand weapon
 r - 3 scrolls of fear
 t - a scroll of silence
 u - 9 scrolls of teleportation
 C - a scroll of butterflies
 D - a scroll of torment
 L - a scroll of acquirement
 N - a scroll of enchant armour
 P - a scroll of enchant weapon
Potions
 h - 4 potions of brilliance
 m - 7 potions of curing
 p - 3 potions of resistance
 s - 3 potions of attraction
 v - 3 potions of cancellation
 w - 4 potions of might
 z - 3 potions of heal wounds
 A - 3 potions of flight
 B - a potion of ambrosia
 J - a potion of invisibility
 K - 2 potions of haste


   Skills:
 * Level 15.5(20.5) Fighting
 * Level 11.6(16.6) Maces & Flails
 + Level 11.4(16.4) Armour
 + Level 10.4(15.4) Shields
 - Level 8.3 Invocations


You had 12 spell levels left.
You didn't know any spells.
Your spell library contained the following spells:

 Spells                   Type           Power      Damage    Failure   Level
 Beastly Appendage        Tmut           0%         N/A       56%         1
 Sandblast                Erth           0%         2d4       56%         1
 Blink                    Tloc           0%         N/A       71%         2
 Passwall                 Tmut/Erth      0%         N/A       71%         2
 Wereblood                Tmut           0%         N/A       71%         2
 Hailstorm                Conj/Ice       0%         3d3       91%         3
 Spider Form              Tmut/Pois      0%         N/A       91%         3
 Stone Arrow              Conj/Erth      0%         3d7       91%         3
 Ice Form                 Ice/Tmut       0%         N/A       100%        4
 Manifold Assault         Tloc           0%         N/A       100%        4
 Borgnjor's Vile Clutch   Necr/Erth      0%         N/A       100%        5
 Storm Form               Tmut/Air       0%         N/A       100%        7
 Animate Dead             Necr           Unusable   N/A       N/A         4
 Death Channel            Necr           Unusable   N/A       N/A         6
 Simulacrum               Ice/Necr       Unusable   N/A       N/A         6

Dungeon Overview and Level Annotations

Branches:
Dungeon (11/15)            Temple (0/1) D:7            Lair (5/5) D:11
  Swamp (0/4) Lair:3       Spider (0/4) Lair:2        Slime (0/5) Lair:4
    Orc (0/2) D:9

Altars:
Dithmenos
Elyvilon
Makhleb
Nemelex Xobeh
Okawaru
Trog
Uskayaw
Wu Jian
Xom
Jiyva

Shops:
D:10 !?=[


Innate Abilities, Weirdness & Mutations

You are a tree.
Your roots penetrate the ground, keeping you stationary.
You cannot be teleported.
You are immune to unholy pain and torment.
Your maximum health is greatly increased.
Your equipment is partially melded.
You are immune to sickness and miasma.
((Your stone body is resilient. (AC +9)))
You are immune to poison.
You resist negative energy. (rN+)
((You are resistant to electric shocks. (rElec)))
You are resistant to unholy torment.
You are immune to petrification.
((You have very sharp teeth.))
You are frail. (-10% HP)
You are strong-willed. (Will+)
Your muscles are strong. (Str +4, Int/Dex -1)


Message History

You gain the combat prowess of a mighty hero.
You block the eight-headed hydra's attack. x2
The eight-headed hydra bites you!
* * * LOW HITPOINT WARNING * * *
The eight-headed hydra bites you!
* * * LOW HITPOINT WARNING * * *
You block the eight-headed hydra's attack.
The eight-headed hydra barely misses you.
You block the eight-headed hydra's attack.
The eight-headed hydra bites you but does no damage.
You feel much better.
You block the eight-headed hydra's attack. x2
The eight-headed hydra bites you but does no damage.
The eight-headed hydra barely misses you.
The eight-headed hydra bites you but does no damage.
The eight-headed hydra bites you!
* * * LOW HITPOINT WARNING * * *
The eight-headed hydra bites you but does no damage.
The eight-headed hydra completely misses you.
Really quaff the potion of lignification?
You turn into a tree.
Your +1 helmet melds into your body.
Your +1 pair of gloves melds into your body.
The +1 pair of boots of Vicivopp {Dex+3} melds into your body.
Your +0 chain mail melds into your body.
Your roots penetrate the ground.
You block the eight-headed hydra's attack.
The eight-headed hydra bites you.
* * * LOW HITPOINT WARNING * * *
The eight-headed hydra bites you!
* * * LOW HITPOINT WARNING * * *
The eight-headed hydra bites you but does no damage.
The eight-headed hydra bites you.
* * * LOW HITPOINT WARNING * * *
The eight-headed hydra bites you but does no damage.
You block the eight-headed hydra's attack.
The eight-headed hydra bites you but does no damage.
You bludgeon the eight-headed hydra!!
The eight-headed hydra is heavily wounded.
The eight-headed hydra bites you!
You die...

#.... ...
#.P # #^##
.. #..# ...
#..##....
###.+......#
#..†.##.#..#
##.♣.# #
##D...#
#........
P........
P........
#P........
##........
#.......P


You could see an eight-headed hydra.

Vanquished Creatures
  Josephine (D:10)
  A hydra (Lair:4)
  A catoblepas (Lair:3)
  A two-headed ogre (D:11)
  4 death yaks
  2 boulder beetles (Lair:4)
  Urug (Lair:1)
  Lodul (D:10)
  A lindwurm (Lair:5)
  Pikel (D:9)
  An ugly thing (D:11)
  Joseph (D:7)
  15 elephants
  Maurice (D:8)
  A black mamba (Lair:4)
  13 cane toads
  A kobold demonologist (D:10)
  Maggie (D:7)
  A rime drake (Lair:3)
  3 komodo dragons
  3 trolls
  2 polar bears
  10 blink frogs
  3 wraiths (D:10)
  2 shadows (D:10)
  37 yaks
  A wyvern (Lair:2)
  Grum (D:8)
  4 vampire mosquitoes (D:11)
  A steam dragon (D:9)
  3 basilisks
  A warg (D:9)
  6 water moccasins
  Duvessa (D:6)
  5 orc warriors
  A sky beast (D:6)
  2 ice beasts
  3 black bears
  7 ogres
  2 wolves (D:8)
  3 centaurs
  2 lemures (D:9)
  2 kobold brigands
  17 bullfrogs
  3 gnoll sergeants
  A necrophage (D:4)
  4 scorpions
  4 wights (D:9)
  Dowan (D:6)
  12 killer bees
  4 howler monkeys
  A jelly (D:6)
  A gnoll bouda (D:7)
  9 orc priests
  5 hounds
  4 iguanas
  8 orc wizards
  Natasha (thrice) (D:2)
  Robin (D:2)
  8 adders
  23 gnolls
  A white imp (D:8)
  2 dart slugs
  45 orcs
  A bat (D:2)
  4 endoplasms
  2 giant cockroaches (D:4)
  11 goblins
  9 hobgoblins
  9 jackals
  12 kobolds
  4 quokkas
  7 ball pythons
  4 frilled lizards
  3 rats
377 creatures vanquished.

Vanquished Creatures (others)
  2 orcs (D:9)
  7 fungi
  9 plants
18 creatures vanquished.

Grand Total: 395 creatures vanquished

Notes
Turn   | Place    | Note
-------+----------+-------------------------------------------
     0 | D:1      | vineage the Gargoyle Fighter began the quest for the Orb.
     0 | D:1      | Reached XP level 1. HP: 14/14 MP: 1/1
    40 | D:1      | Found a faded altar of an unknown god.
   193 | D:1      | Reached XP level 2. HP: 13/20 MP: 2/2
   666 | D:2      | Reached skill level 4 in Fighting
   717 | D:2      | Noticed Robin
   726 | D:2      | Killed Robin
   727 | D:2      | Reached XP level 3. HP: 24/24 MP: 3/3
   814 | D:2      | Reached XP level 4. HP: 30/30 MP: 4/4
   993 | D:2      | Found a bloodstained altar of Trog.
  1186 | D:2      | Noticed Natasha
  1197 | D:2      | Killed Natasha
  1198 | D:2      | Reached skill level 5 in Fighting
  1434 | D:2      | Noticed Natasha
  1439 | D:2      | Killed Natasha
  1440 | D:2      | Reached XP level 5. HP: 30/35 MP: 5/5
  1450 | D:2      | Noticed Natasha
  1455 | D:2      | Killed Natasha
  2055 | D:3      | Reached skill level 6 in Fighting
  2540 | D:4      | Reached XP level 6. HP: 41/41 MP: 6/6
  2543 | D:4      | Noticed an orc warrior
  2548 | D:4      | Killed an orc warrior
  2549 | D:4      | Reached skill level 5 in Armour
  2611 | D:4      | Reached skill level 7 in Fighting
  2727 | D:4      | Reached XP level 7. HP: 48/48 MP: 7/7
  3032 | D:4      | Found a shadowy altar of Dithmenos.
  3057 | D:4      | Found a shimmering altar of Xom.
  3068 | D:4      | Found a burning altar of Makhleb.
  3090 | D:4      | Found an iron altar of Okawaru.
  3142 | D:4      | Became a worshipper of Warmaster Okawaru
  3159 | D:5      | Entered Level 5 of the Dungeon
  3321 | D:5      | Reached skill level 8 in Fighting
  3328 | D:5      | Reached XP level 8. HP: 54/54 MP: 8/8
  3360 | D:5      | Reached * piety under Okawaru
  3396 | D:5      | Found a white marble altar of Elyvilon.
  3557 | D:5      | Identified a scroll of acquirement
  3557 | D:5      | Acquired the +1 pair of boots of Vicivopp {Dex+3}
  3880 | D:6      | Noticed Dowan
  3881 | D:6      | Noticed Duvessa
  3917 | D:6      | HP: 2/56 [Duvessa/+1 short sword of speed (5)]
  3922 | D:6      | Killed Duvessa
  3923 | D:6      | Reached skill level 9 in Fighting
  3923 | D:6      | Reached skill level 1 in Invocations
  3929 | D:6      | Killed Dowan
  4262 | D:6      | Found a sparkling altar of Nemelex Xobeh.
  4377 | D:6      | Reached ** piety under Okawaru
  4378 | D:6      | Reached skill level 5 in Shields
  4378 | D:6      | Reached XP level 9. HP: 61/61 MP: 10/10
  4793 | D:7      | Noticed Joseph
  4808 | D:7      | Killed Joseph
  4809 | D:7      | Reached skill level 10 in Fighting
  4974 | D:7      | Found a staircase to the Ecumenical Temple.
  5226 | D:7      | Gained mutation: You occasionally lose the ability to drink
                  | potions when taking damage. [potion of mutation]
  5226 | D:7      | Gained mutation: Your muscles are strong. (Str +4, Int/Dex
                  | -1) [potion of mutation]
  5226 | D:7      | Gained mutation: You are agile. (Dex +4, Str/Int -1)
                  | [potion of mutation]
  5240 | D:8      | Noticed Maurice
  5251 | D:7      | Reached *** piety under Okawaru
  5260 | D:8      | Noticed Maggie
  5274 | D:7      | Killed Maggie
  5282 | D:8      | Killed Maurice
  5283 | D:8      | Reached skill level 5 in Maces & Flails
  5283 | D:8      | Reached XP level 10. HP: 68/68 MP: 12/12
  5503 | D:8      | Reached skill level 11 in Fighting
  5711 | D:8      | Noticed Grum
  5729 | D:8      | Killed Grum
  6043 | D:9      | Reached **** piety under Okawaru
  6266 | D:9      | Reached skill level 5 in Invocations
  6365 | D:9      | Found a staircase to the Orcish Mines.
  6631 | D:9      | Noticed Pikel
  6649 | D:9      | Killed Pikel
  6783 | D:9      | Reached ***** piety under Okawaru
  7273 | D:10     | Entered Level 10 of the Dungeon
  7313 | D:10     | Reached skill level 12 in Fighting
  7313 | D:10     | Reached XP level 11. HP: 76/76 MP: 15/15
  7314 | D:10     | Found Guerghaa's Jewellery Boutique.
  7334 | D:10     | Bought a +6 ring of strength for 396 gold pieces
  7362 | D:10     | Noticed Josephine
  7414 | D:10     | Killed Josephine
  7414 | D:10     | Identified the +1 pair of gloves of Magic {+Inv Will- rCorr
                  | Dex-2 SInv} (Okawaru gifted it to you on level 10 of the
                  | Dungeon)
  7414 | D:10     | Received a gift from Okawaru
  7533 | D:10     | Found Odaxt's Magic Scroll Shoppe.
  7568 | D:10     | Found Ivoaz's Antique Armour Boutique.
  7576 | D:10     | Noticed a sixfirhy
  7709 | D:10     | Noticed Lodul
  7732 | D:10     | Killed Lodul
  8116 | D:10     | Found Zualib Igagh's Distillery.
  8625 | D:11     | Reached skill level 13 in Fighting
  8743 | D:11     | Found a staircase to the Lair.
  8744 | D:11     | Noticed a two-headed ogre
  8778 | D:11     | Reached XP level 12. HP: 74/84 MP: 17/17
  8783 | D:11     | Killed a two-headed ogre
  9000 | D:11     | Identified the +8 mace "Zosyu" {drain, Will+ Dex+3}
                  | (Okawaru gifted it to you on level 11 of the Dungeon)
  9000 | D:11     | Received a gift from Okawaru
  9395 | Lair:1   | Entered Level 1 of the Lair of Beasts
  9485 | Lair:1   | Noticed Urug
  9498 | Lair:1   | Killed Urug
  9796 | Lair:1   | Lost mutation: You occasionally lose the ability to drink
                  | potions when taking damage. [potion of mutation]
  9796 | Lair:1   | Lost mutation: You are agile. (Dex +4, Str/Int -1) [potion
                  | of mutation]
  9796 | Lair:1   | Gained mutation: You have very sharp teeth. [potion of
                  | mutation]
  9796 | Lair:1   | Gained mutation: You are frail. (-10% HP) [potion of
                  | mutation]
  9796 | Lair:1   | Gained mutation: You are strong-willed. (Will+) [potion of
                  | mutation]
  9907 | Lair:1   | Reached skill level 10 in Armour
 10540 | Lair:1   | Received a gift from Okawaru
 10999 | Lair:2   | Reached skill level 14 in Fighting
 11459 | Lair:2   | Found a hole to the Spider Nest.
 11607 | Lair:2   | Reached skill level 10 in Maces & Flails
 11641 | Lair:2   | Received a gift from Okawaru
 11647 | Lair:2   | Reached XP level 13. HP: 70/81 MP: 16/19
 11975 | Lair:3   | Found a staircase to the Swamp.
 12886 | Lair:4   | Found a staircase to the Slime Pits.
 12886 | Lair:4   | Found a viscous altar of Jiyva.
 13027 | Lair:4   | Reached skill level 10 in Shields
 13033 | Lair:4   | Reached skill level 15 in Fighting
 13199 | Lair:4   | Found a hide-covered altar of Uskayaw.
 13236 | Lair:4   | Found an ornate altar of the Wu Jian Council.
 13340 | Lair:3   | Received a gift from Okawaru
 14204 | Lair:5   | Entered Level 5 of the Lair of Beasts
 14289 | Lair:5   | Slain by an eight-headed hydra

Illustrated notes

Levels and vault maps discovered:
D:1:      psy_arrival_radial01, layout_basic, basic_ecumenical_altar,
          chequers_decorated_corner
D:2:      layout_basic, basic_altar, uniq_robin, uniq_natasha
D:3:      layout_basic
D:4:      layout_basic, nicolae_overflow_quartered_altars,
          minmay_misc_feat_more_columns, guppyfry_early_orc_mine
D:5:      layout_rooms, nicolae_elyvilon_temple_path
D:6:      layout_basic, nemelex_spade_bored_becter, corexii_corridor_pit,
          amcnicky_mini_pool_small, hangedman_glass_teeth, uniq_duvessa
D:7:      layout_cave_pools, minmay_temple_entry_statues, serial_column_ruins,
          column_ruins_square_huge, column_ruins_open_tiny,
          column_ruins_corridor_corner, column_ruins_columns_water,
          column_ruins_grid_3, column_ruins_open_medium,
          column_ruins_columns_straight, uniq_joseph
D:8:      layout_loops_ring, uniq_maggie, uniq_grum, uniq_maurice
D:9:      layout_grid_maze, erik_orc_4, serial_co_window_serial,
          co_window_corner_a, co_window_corner_a, co_window_corner_a,
          co_window_paths_a, co_window_corner_a, co_window_broadway_c,
          co_window_2corner, co_window_cross_3, co_window_corner_cb,
          co_window_unsneaky_path_c, co_window_cross_2, glass_columns_b,
          glass_columns_c, uniq_pikel
D:10:     layout_basic, serial_shops, nicolae_shop_hallway_plus, shop, shop,
          nicolae_shop_crystal, uniq_lodul, uniq_josephine
D:11:     layout_loops_ring, david_lair_generic, hellmonk_bongcloud_opening
Lair:1:   layout_chaotic_city, lemuel_fruit_tree, infiniplex_staircase_pool_2,
          grunt_megastairs_5, uniq_urug
Lair:2:   layout_cave_pods, spider_nest_entry_web_field
Lair:3:   layout_roguey, swamp_mist_pool, kennysheep_catoblepas_arena
Lair:4:   layout_gridlike, slime_entry_1, st_stairs_9,
          nzn_masters_of_martial_movement
Lair:5:   gammafunk_lair_ancient_temple, layout_regular_city,
          serial_bayou_pond_c, lemuel_oklob_altar

Skill      XL: |  1  2  3  4  5  6  7  8  9 10 11 12 13 |
---------------+----------------------------------------+-----
Fighting       | 4 5 6 7 8 9 10 12 13 14 15 | 15.5
Armour         | 4 5 6 7 8 9 10 11 | 11.4
Shields        | 5 6 7 8 9 10 | 10.4
Maces & Flails | 3 5 6 8 10 11 | 11.6
Invocations    | 1 3 5 6 8 |  8.3

Action                   |  1- 3 |  4- 6 |  7- 9 | 10-12 | 13-15 || total
-------------------------+-------+-------+-------+-------+-------++-------
Melee: Flail             |    78 |   148 |   219 |   509 |       ||   954
       Eveningstar       |       |       |       |   157 |   243 ||   400
       Bite              |       |       |       |    17 |    50 ||    67
       Mace              |       |       |       |    13 |       ||    13
Invok: Heroism           |       |       |     2 |     6 |     6 ||    14
  Use: Potion            |     1 |       |     6 |     1 |     3 ||    11
       Scroll            |       |     6 |    10 |     9 |     1 ||    26
 Stab: Distracted        |       |       |     1 |     3 |       ||     4
       Petrified         |       |       |       |       |     6 ||     6
Armor: Scale mail        |    60 |    46 |       |       |       ||   106
       Chain mail        |       |    35 |   205 |   394 |   194 ||   828
       Skin              |       |       |       |       |     3 ||     3
Dodge: Dodged            |    59 |    54 |    87 |   282 |   125 ||   607
Block: Buckler           |    28 |    29 |    79 |   187 |    73 ||   396
       Kite shield       |       |       |       |       |    40 ||    40

Table legend: (Time is in decaauts)
 A = Elapsed time spent in this place.
 B = Non-inter-level travel time spent in this place.
 C = Inter-level travel time spent in this place.
 D = Time resting spent in this place.
 E = Time spent auto-exploring this place.
 F = Levels seen in this place.
 G = Mean time per level.
                   A        B        C        D        E       F      G
               +--------+--------+--------+--------+--------+-----+--------+
         Total |  14456 |  13551 |    905 |    793 |  10141 |  16 |  903.5 |
       Dungeon |   9622 |   9019 |    603 |     37 |   7009 |  11 |  874.7 |
          Lair |   4834 |   4532 |    302 |    756 |   3131 |   5 |  966.8 |
               +--------+--------+--------+--------+--------+-----+--------+

Top non-repeatable levels by time:
  Lair:1: 1612 daAuts
     D:9: 1278 daAuts
  Lair:3: 1212 daAuts
    D:11: 1108 daAuts
  Lair:2: 1104 daAuts
    D:10: 1066 daAuts
     D:2: 1028 daAuts
     D:3: 859 daAuts
  Lair:4: 823 daAuts
     D:8: 763 daAuts
     D:6: 758 daAuts
     D:4: 709 daAuts
     D:5: 697 daAuts
     D:7: 688 daAuts
     D:1: 662 daAuts
